Map: [TLMC15] Curious Minds

Players

Scarlett - Winner!

  • Race: Zerg Zerg

Trap

  • Race: Protoss Protoss

Event: DreamHack SC2 Masters 2021 Winter

VOD

Have the link to the VOD?

Description

Time

  • Played on: Nov. 9, 2021, 10:38 a.m.
  • Length: 9:56

All games in this series

Show
View Real Time Build Order
Export as new Build Order

Scarlett Zerg - Winner!

Build Orders: Hatch First 

Get SALT Encoding   

  12  0:00  Drone  
  13  0:12  Overlord  
  13  0:17  Drone  
  14  0:30  Drone x2  
  16  0:44  Drone  
  17  0:51  Hatchery  
  17  0:54  Drone  
  17  0:58  Drone  
  18  1:08  Extractor  
  17  1:12  Spawning Pool  
  17  1:16  Drone  
  17  1:19  Drone  
  18  1:27  Drone  
  19  1:38  Drone  
  20  1:49  Overlord  
  20  1:59  Queen  
  22  2:02  Zergling x2, Queen  
  22  2:03  Drone  
  26  2:11  Metabolic Boost, Drone  
  26  2:13  Drone  
  28  2:23  Drone  
  28  2:24  Drone  
  30  2:32  Hatchery  
  30  2:36  Drone  
  30  2:40  Drone  
  31  2:46  Queen  
  31  2:48  Overlord  
  33  2:51  Drone  
  35  2:58  Drone x2  
  36  3:06  Overlord  
  36  3:10  Drone x2  
  39  3:12  Drone  
  39  3:13  Drone x3  
  39  3:17  Queen  
  44  3:21  Overlord  
  44  3:26  Queen  
  46  3:30  Drone x2  
  46  3:33  Extractor  
  47  3:36  Roach Warren  
  46  3:41  Drone  
  46  3:42  Drone x2  
  46  3:44  Drone x2  
  51  3:48  Drone  
  51  3:49  Drone  
  51  3:52  Overlord  
  53  3:56  Zergling x4  
  55  4:06  Zergling x10  
  60  4:14  Spore Crawler  
  60  4:16  Roach x3, Spore Crawler  
  64  4:27  Drone x8  
  72  4:32  Overlord  
  72  4:34  Spore Crawler  
  71  4:41  Lair  
  71  4:51  Drone  
  71  4:52  Drone x9  
  81  4:56  Overlord  
  81  4:58  Extractor x2  
  79  5:06  Drone  
  79  5:07  Drone x2  
  82  5:09  Overlord, Extractor  
  82  5:10  Extractor  
  82  5:11  Evolution Chamber  
  82  5:12  Overlord  
  82  5:13  Evolution Chamber  
  78  5:23  Overlord x3  
  78  5:25  Drone  
  78  5:26  Drone x3  
  80  5:37  Zerg Missile Weapons Level 1  
  80  5:38  Drone  
  80  5:39  Drone x7  
  87  5:45  Drone  
  87  5:49  Glial Reconstitution  
  87  5:55  Drone  
  87  5:57  Drone x3  
  87  6:00  Roach x5  
  87  6:03  Overseer  
  100  6:18  Drone  
  101  6:19  Baneling Nest  
  101  6:22  Zerg Melee Weapons Level 1  
  101  6:24  Hatchery  
  105  6:25  Roach x3  
  105  6:31  Roach x7  
  119  6:42  Overlord x5  
  119  6:58  Roach  
  119  7:00  Overlord  
  119  7:01  Roach x9  
  139  7:04  Ravager x7  
  139  7:08  Centrifugal Hooks  
  146  7:10  Ravager x3  
  148  7:19  Roach x6  
  158  7:23  Drone x3  
  158  7:24  Drone  
  162  7:34  Overlord x4  
  156  7:40  Zergling x8  
  156  7:43  Zergling x6  
  163  7:48  Zergling x10  
  163  7:49  Zergling x2  
  169  7:51  Overseer  
  169  7:56  Zergling x2  
  170  8:01  Zergling x10  
  170  8:03  Baneling x12  
  170  8:04  Baneling x2  
  175  8:07  Baneling x6  
  175  8:15  Baneling x8  
  175  8:19  Zergling x12  
  182  8:20  Zergling x2  
  182  8:23  Baneling x2  
  182  8:24  Baneling x6  
  182  8:32  Zergling x14  
  189  8:39  Zergling x8  
  188  8:48  Roach x6  
  184  8:51  Roach x2  
  184  8:52  Overseer  
  177  8:58  Roach x3  
  170  9:03  Roach x3  
  171  9:10  Roach x4  
  177  9:21  Ravager x7  
  177  9:22  Zergling x2  
  177  9:23  Zergling x14  
  182  9:35  Baneling x7  
  182  9:36  Baneling x2  
Show
View Real Time Build Order
Export as new Build Order

Trap Protoss 

Build Orders: 1 Gate Expand, Dark Templar Rush 

Get SALT Encoding   

  12  0:00  Probe  
  13  0:14  Pylon  
  13  0:17  Probe (Chrono Boost)  
  14  0:27  Probe (Chrono Boost)  
  15  0:32  Probe (Chrono Boost)  
  16  0:41  Gateway  
  16  0:44  Probe  
  17  0:50  Assimilator  
  17  0:56  Probe  
  18  1:08  Probe  
  19  1:20  Probe  
  20  1:26  Nexus  
  20  1:35  Cybernetics Core  
  20  1:38  Probe  
  21  1:44  Assimilator  
  21  1:50  Probe  
  21  1:53  Pylon  
  22  2:02  Probe (Chrono Boost)  
  23  2:11  Stalker  
  23  2:12  Warp Gate  
  23  2:14  Probe (Chrono Boost)  
  26  2:22  Probe (Chrono Boost)  
  27  2:24  Twilight Council  
  27  2:29  Probe (Chrono Boost)  
  28  2:38  Probe (Chrono Boost)  
  28  2:41  Adept  
  32  2:46  Probe (Chrono Boost)  
  32  2:47  Probe (Chrono Boost)  
  33  2:51  Robotics Facility  
  33  2:54  Probe  
  33  2:55  Probe  
  35  3:07  Gateway, Probe x2  
  37  3:16  Dark Shrine  
  37  3:20  Probe x2  
  37  3:23  Adept  
  41  3:32  Pylon  
  41  3:33  Probe  
  43  3:36  Warp Prism (Chrono Boost)  
  44  3:43  Probe  
  44  3:45  Probe  
  46  3:53  Pylon  
  46  3:56  Assimilator  
  46  4:01  Adept x2  
  50  4:04  Assimilator  
  50  4:05  Observer  
  50  4:06  Probe x2  
  53  4:12  Pylon  
  53  4:18  Probe x2  
  53  4:23  Pylon  
  55  4:28  Dark Templar x2  
  59  4:34  Probe x2  
  61  4:48  Nexus  
  61  4:52  Immortal (Chrono Boost)  
  61  4:54  Shield Battery  
  61  4:57  Probe  
  61  4:59  Blink (Chrono Boost)  
  66  5:03  Sentry  
  68  5:08  Probe  
  68  5:09  Probe  
  68  5:11  Pylon  
  70  5:19  Sentry  
  72  5:22  Immortal (Chrono Boost)  
  72  5:25  Probe x2  
  78  5:36  Sentry  
  78  5:38  Probe x2  
  80  5:51  Immortal (Chrono Boost), Sentry  
  80  5:55  Gateway, Shield Battery  
  86  5:57  Gateway  
  86  6:00  Gateway  
  86  6:05  Gateway  
  86  6:09  Probe  
  86  6:10  Probe x2  
  89  6:15  Stalker  
  89  6:16  Stalker  
  93  6:23  Probe x2, Forge  
  93  6:24  Probe  
  96  6:28  Pylon  
  96  6:35  Probe  
  96  6:36  Probe x2  
  99  6:40  Stalker  
  99  6:42  Assimilator  
  99  6:46  Assimilator  
  101  6:49  Robotics Facility, Robotics Bay  
  101  6:50  Probe x3  
  104  6:54  Pylon  
  104  6:56  Pylon  
  104  7:01  Immortal  
  108  7:05  Pylon  
  108  7:06  Protoss Ground Weapons Level 1 (Chrono Boost)  
  108  7:07  Probe  
  109  7:12  Probe x2  
  109  7:13  Dark Templar  
  113  7:21  Stalker x3  
  117  7:31  Stalker x2  
  117  7:36  Colossus (Chrono Boost)  
  121  7:39  Pylon  
  121  7:42  Colossus (Chrono Boost)  
  133  7:47  Photon Cannon  
  133  7:50  Extended Thermal Lance  
  133  7:58  Photon Cannon  
  133  7:59  Charge, Pylon  
  133  8:14  Nexus  
  133  8:15  Photon Cannon  
  133  8:16  Pylon  
  133  8:18  Colossus (Chrono Boost)  
  139  8:23  Colossus (Chrono Boost)  
  139  8:31  Photon Cannon  
  139  8:33  Sentry x2  
  149  8:47  Stalker x2  
  149  8:48  Stalker x2  
  82  9:03  Immortal  
  82  9:08  Stalker  
  82  9:09  Immortal, Stalker  
  78  9:19  Stalker x2  
  82  9:28  Zealot, Sentry  
  84  9:32  Zealot  
  84  9:33  Zealot  
  86  9:44  Stalker x2  

Tags
 
Add a new tag
Caveats
  • Supply blocks, unpowered buildings, or Contaminate may cause inaccurate times.
  • Supply counts are checked every 10 seconds.